 Dungeon Crawl Stone Soup version 0.31.0-11-ge490571c62 (webtiles) character file.

Game seed: 15317996990747703786

586105 MuppetCentipede the Hoplite (level 25, -15/233 HPs)
             Began as a Minotaur Monk on Feb 7, 2024.
             Was the Champion of Okawaru.
             Killed from afar by Tiamat (121 damage)
             ... with a blast of cold
             ... on level 1 of the Realm of Zot.
             The game lasted 01:37:46 (76354 turns).

MuppetCentipede the Hoplite (Minotaur Monk)        Turns: 76354, Time: 01:37:46

Health: -15/233    AC: 38    Str: 43    XL:     25   Next: 52%
Magic:  22/22      EV: 29    Int:  8    God:    Okawaru [******]
Gold:   6825       SH: 32    Dex: 14    Spells: 24/24 levels left

rFire   + + .        U - +8 mithril axe "Arga" {speed, Will+}
rCold   x . .        H - +2 tower shield
rNeg    . . .        W - +7 fire dragon scales "Koenoc" {rElec rF++ rC- Str+4 Int-2 SInv}
rPois   .            (helmet restricted)
rElec   +            m - +1 cloak {Will+}
rCorr   .            R - +2 pair of gloves
SInv    +            g - +1 pair of boots {Fly}
Will    ++++.        k - amulet of the Thistle {Reflect Will+ Str+3 Dex+2 SH+5}
Stlth   +++          u - +6 ring of strength
HPRegen 0.58/turn    D - +5 ring of evasion
MPRegen 0.18/turn

%: reflection
@: flying, studying 3 skills
A: horns 2, retaliatory headbutt, iridescent scales 2, clever 1, electricity
resistance, strong 1, sturdy frame 1
}: 4/15 runes: barnacled, slimy, silver, gossamer
a: Renounce Religion, Heroism, Finesse, Duel


You were on level 1 of the Realm of Zot.
You worshipped Okawaru.
Okawaru was exalted by your worship.
You visited 11 branches of the dungeon, and saw 48 of its levels.
You also visited: Trove and Sewer.

You collected 8110 gold pieces.
You spent 1285 gold pieces at shops.

Inventory:

Hand Weapons
 p - a +7 eveningstar of holy wrath
 K - the +7 captain's cutlass {speed, disarm}
   (You took it off a skeletal warrior on level 1 of the Shoals)
 U - the +8 mithril axe "Arga" (weapon) {speed, Will+}
   (Okawaru gifted it to you on level 4 of the Lair of Beasts)

   Will+:     It increases your willpower.
 X - the +8 Vampire's Tooth {megavamp}
   (You found it on level 5 of the Vaults)
Missiles
 i - 48 poisoned darts
 y - 50 boomerangs
 M - 9 darts of dispersal
 P - 8 curare-tipped darts
Armour
 g - a +1 pair of boots of flying (worn)
 m - a +1 cloak of willpower (worn)
 x - the +2 pair of gloves of Dufrijeo {*Corrode rN+ Int+6 Stlth+}
   (You found it on level 4 of the Spider Nest)

   Int+6:     It affects your intelligence (+6).
   rN+:       It protects you from negative energy.
   *Corrode:  It may corrode you when you take damage.
   Stlth+:    It makes you more stealthy.
 H - a +2 tower shield (worn)
 O - a +2 cloak of preservation
 R - a +2 pair of gloves (worn)
 W - the +7 fire dragon scales "Koenoc" (worn) {rElec rF++ rC- Str+4 Int-2 SInv}
   (Okawaru gifted it to you on level 4 of the Lair of Beasts)

   Str+4:     It affects your strength (+4).
   Int-2:     It affects your intelligence (-2).
   rF++:      It greatly protects you from fire.
   rC-:       It makes you vulnerable to cold.
   rElec:     It insulates you from electricity.
   SInv:      It lets you see invisible.
Jewellery
 k - the amulet of the Thistle (around neck) {Reflect Will+ Str+3 Dex+2 SH+5}
   (You acquired it on level 4 of the Dungeon)

   [amulet of reflection]

   Reflect:   It reflects blocked missile attacks.
   Str+3:     It affects your strength (+3).
   Dex+2:     It affects your dexterity (+2).
   Will+:     It increases your willpower.
   SH+5:      It affects your SH (+5).
 l - the ring of Tetor {rPois Str+3 SInv}
   (You found it on level 5 of the Pits of Slime)

   [ring of poison resistance]

   Str+3:     It affects your strength (+3).
   rPois:     It protects you from poison SInv: It lets you see invisible.
 q - a +4 ring of protection
 t - a +4 ring of slaying
 u - a +6 ring of strength (left hand)
 D - a +5 ring of evasion (right hand)
 J - a ring of poison resistance
Wands
 d - a wand of mindburst (12)
 s - a wand of acid (36)
 I - a wand of polymorph (21)
 Q - a wand of iceblast (32)
 T - a wand of flame (56) (quivered)
 V - a wand of digging (16)
Scrolls
 a - 30 scrolls of identify
 b - 5 scrolls of fear
 n - 11 scrolls of teleportation
 o - 2 scrolls of blinking
 r - 2 scrolls of silence
 w - 8 scrolls of revelation
 C - 6 scrolls of fog
 F - 10 scrolls of vulnerability
 G - 6 scrolls of immolation
 Y - 3 scrolls of poison
Potions
 c - 11 potions of ambrosia
 e - 21 potions of curing
 f - a potion of magic
 h - 14 potions of brilliance
 j - 13 potions of haste
 v - 3 potions of cancellation
 z - 14 potions of heal wounds
 A - 10 potions of might
 B - 4 potions of mutation
 E - 4 potions of berserk rage
 L - 3 potions of invisibility
 N - 3 potions of enlightenment
 S - 5 potions of resistance
 Z - 6 potions of lignification


   Skills:
 - Level 20.6 Fighting
 - Level 18.0(18.7) Axes
 + Level 9.2(14.6) Maces & Flails
 - Level 25.0 Armour
 - Level 25.1 Dodging
 * Level 10.0 Stealth
 - Level 26.6 Shields


You had 24 spell levels left.
You didn't know any spells.
Your spell library contained the following spells:

 Spells                   Type           Power      Damage    Failure   Level
 Foxfire                  Conj/Fire      0%         2x1d4     47%         1
 Freeze                   Ice            0%         1d3       47%         1
 Kiss of Death            Conj/Necr      0%         2d5       47%         1
 Magic Dart               Conj           0%         1d3       47%         1
 Sandblast                Erth           0%         2d4       47%         1
 Shock                    Conj/Air       0%         1d3       47%         1
 Blink                    Tloc           0%         N/A       63%         2
 Cigotuvi's Dreadful Rot  Necr/Alch/Air  0%         N/A       63%         2
 Ensorcelled Hibernation  Hex/Ice        0%         N/A       63%         2
 Jinxbite                 Hex            0%         N/A       63%         2
 Lesser Beckoning         Tloc           0%         N/A       63%         2
 Momentum Strike          Conj/Tloc      0%         3d8       63%         2
 Searing Ray              Conj           0%         2d4       63%         2
 Sublimation of Blood     Necr           0%         N/A       63%         2
 Confusing Touch          Hex            0%         N/A       85%         3
 Frozen Ramparts          Ice            0%         1d1       85%         3
 Fugue of the Fallen      Necr           0%         N/A       85%         3
 Gell's Gravitas          Tloc           0%         N/A       85%         3
 Hailstorm                Conj/Ice       0%         3d5       85%         3
 Inner Flame              Hex/Fire       0%         N/A       85%         3
 Ozocubu's Armour         Ice            0%         N/A       85%         3
 Passwall                 Erth           0%         N/A       85%         3
 Sigil of Binding         Hex            0%         N/A       85%         3
 Stone Arrow              Conj/Erth      0%         3d7       85%         3
 Swiftness                Air            0%         N/A       85%         3
 Teleport Other           Tloc           0%         N/A       85%         3
 Vampiric Draining        Necr           0%         2d6       85%         3
 Airstrike                Air            0%         2d(0-16)  99%         4
 Brom's Barrelling Bould  Conj/Erth      0%         2d3       99%         4
 Dimensional Bullseye     Hex/Tloc       0%         N/A       99%         4
 Dispel Undead            Necr           0%         3d6       99%         4
 Flame Wave               Conj/Fire      0%         2d4       99%         4
 Fulminant Prism          Conj/Alch      0%         3d5       99%         4
 Iskenderun's Mystic Bla  Conj/Tloc      0%         2d3       99%         4
 Manifold Assault         Tloc           0%         N/A       99%         4
 Passage of Golubria      Tloc           0%         N/A       99%         4
 Petrify                  Alch/Erth      0%         N/A       99%         4
 Sticky Flame             Fire/Alch      0%         2d4       99%         4
 Vhi's Electric Charge    Tloc/Air       0%         N/A       99%         4
 Arcjolt                  Conj/Air       0%         1d10      100%        5
 Curse of Agony           Necr           0%         N/A       100%        5
 Irradiate                Conj/Alch      0%         3d11      100%        5
 Lee's Rapid Deconstruct  Erth           0%         3d4*      100%        5
 Metabolic Englaciation   Hex/Ice        0%         N/A       100%        5
 Silence                  Hex/Air        0%         N/A       100%        5
 Yara's Violent Unravell  Hex/Alch       0%         3d3       100%        5
 Conjure Ball Lightning   Conj/Air       0%         3x3d6     100%        6
 Plasma Beam              Fire/Air       0%         2x1d10    100%        6
 Starburst                Conj/Fire      0%         6d3       100%        6
 Enfeeble                 Hex            0%         N/A       100%        7
 Orb of Destruction       Conj           0%         9d5       100%        7
 Ozocubu's Refrigeration  Ice            0%         4d7       100%        7
 Ignition                 Fire           0%         3d3       100%        8
 Lehudib's Crystal Spear  Conj/Erth      0%         10d2      100%        8
 Polar Vortex             Ice            0%         N/A       100%        9
 Summon Small Mammal      Summ           Unusable   N/A       N/A         1
 Call Imp                 Summ           Unusable   N/A       N/A         2
 Call Canine Familiar     Summ           Unusable   N/A       N/A         3
 Animate Armour           Summ/Erth      Unusable   N/A       N/A         4
 Martyr's Knell           Necr/Summ      Unusable   N/A       N/A         4
 Summon Blazeheart Golem  Fire/Summ      Unusable   N/A       N/A         4
 Summon Lightning Spire   Summ/Air       Unusable   N/A       N/A         4
 Death Channel            Necr           Unusable   N/A       N/A         6
 Sculpt Simulacrum        Ice/Alch       Unusable   N/A       N/A         6
 Malign Gateway           Summ/Tloc      Unusable   N/A       N/A         7
 Spellforged Servitor     Conj/Summ      Unusable   N/A       N/A         7

Dungeon Overview and Level Annotations

Branches:
Dungeon (15/15)            Temple (1/1) D:7            Lair (5/5) D:11
 Shoals (4/4) Lair:2       Spider (4/4) Lair:3        Slime (5/5) Lair:5
    Orc (2/2) D:9             Elf (2/3) Orc:2        Vaults (5/5) D:14
  Crypt (0/3) Vaults:2     Depths (4/4) D:15            Zot (1/5) Depths:4
  Sewer (visited)

Altars:
Ashenzari
Cheibriados
Dithmenos
Elyvilon
Fedhas
Gozag
Hepliaklqana
Kikubaaqudgha
Makhleb
Nemelex Xobeh
Okawaru
Qazlal
Ru
Sif Muna
Trog
Uskayaw
Vehumet
Wu Jian
Xom
Yredelemnul
Zin
The Shining One
Jiyva

Shops:
D:5 ?   D:6 (   D:9 (   Orc:1 [   Orc:2 (?[[:   Elf:1 [   Shoals:1 *[
Shoals:3 !   Depths:1 :   Depths:4 [(?*

Portals:
Hell: Depths:1 Depths:2 Depths:3 Depths:4
Abyss: Depths:1 Depths:3
Pandemonium: Depths:2
Ziggurat: Depths:1

Annotations:
D:14 Roxanne
Vaults:2 2 transporters
Depths:1 2 transporters
Zot:1 Tiamat


Innate Abilities, Weirdness & Mutations

You have a pair of horns on your head.
You reflexively headbutt those who attack you in melee.
You are mostly covered in iridescent scales. (AC +4)
Your mind is acute. (Int +4, Str/Dex -1)
You are resistant to electric shocks. (rElec)
Your muscles are strong. (Str +4, Int/Dex -1)
Your movements are slightly less encumbered by armour. (ER -2)


Message History

You are too injured to fight recklessly!
You are too injured to fight recklessly!
You are too injured to fight recklessly!
You are too injured to fight recklessly!
You are too injured to fight recklessly!
You are too injured to fight recklessly!
You are too injured to fight recklessly!
You are too injured to fight recklessly!
You are too injured to fight recklessly!
You are too injured to fight recklessly!
You are too injured to fight recklessly!
You are too injured to fight recklessly!
You are too injured to fight recklessly!
You are too injured to fight recklessly!
Unknown command.
You are too injured to fight recklessly!
You are too injured to fight recklessly!
You are too injured to fight recklessly!
You are too injured to fight recklessly!
You are too injured to fight recklessly!
You are too injured to fight recklessly!
You are too injured to fight recklessly!
You are too injured to fight recklessly!
You are too injured to fight recklessly!
You are too injured to fight recklessly!
You are too injured to fight recklessly!
You are too injured to fight recklessly!
You are too injured to fight recklessly!
You are too injured to fight recklessly!
You are too injured to fight recklessly!
You are too injured to fight recklessly!
You are too injured to fight recklessly!
You are too injured to fight recklessly!
You are too injured to fight recklessly!
You are too injured to fight recklessly!
You are too injured to fight recklessly!
Tiamat breathes frost at you. The blast of cold hits you!!!!
You feel a terrible chill!
Ouch! That really hurt!
You die...

#.# .#### ..........
#.#....... ...####.#.......
......))........
####d#....... # ..#).#....#
⌠# #.#..#....####... ...
#.#.@............ ..###
#.#..............
..........##.....∩.^........
.........####......#.......
.. ...........'......+.......
..##.......####......#....##.
.......##'#.................
..........#§#####............
..............###...........#


You could see Tiamat (catching breath).

Vanquished Creatures
  the Royal Jelly (Slime:5)
  3 dread liches
  2 ancient liches (Vaults:5)
  Mara (Shoals:4)
  A juggernaut (Depths:4)
  Sojobo (Depths:4)
  Parghit (Depths:4)
  Saint Roka (Orc:2)
  Bai Suzhen (Spider:3)
  Nikola (Elf:2)
  Norris (Elf:2)
  2 golden dragons
  Jory (Vaults:2)
  the Enchantress (Depths:1)
  2 bone dragons
  Arachne (Spider:3)
  4 tentacled monstrosities
  A shard shrike skeleton (Shoals:1)
  Jorgrun (D:14)
  A deep elf blademaster (Elf:2)
  4 liches
  5 titans
  3 krakens (Shoals:1)
  41 acid blobs
  4 quicksilver dragons
  4 sphinxes (Depths:3)
  2 death cobs (Zot:1)
  Agnes (Elf:2)
  Polyphemus (Shoals:4)
  8 shadow dragons
  Donald (Shoals:1)
  Kirke (Shoals:1)
  7 tengu reavers
  3 storm dragons
  20 azure jellies
  A draconian monk (Zot:1)
  A draconian knight (Depths:4)
  19 rockslimes
  3 iron dragons
  2 draconian shifters
  5 emperor scorpions
  6 frost giants
  6 fire giants
  A deep elf sorcerer (Vaults:4)
  The ghost of RockinRobin the Spear-Bearer, a journeyman DsCK of Xom (Depths:1)
  2 ghost moths
  Louise (Shoals:4)
  15 vault wardens
  2 draconian scorchers (Zot:1)
  8 orc warlords
  21 quicksilver oozes
  The ghost of Potutehi the Blocker, a journeyman DDFi of Makhleb (Orc:1)
  8 spriggan defenders
  A draconian stormcaller (Depths:4)
  6 broodmothers
  13 stone giants
  4 very ugly things
  13 ironbound preservers
  5 ironbound thunderhulks
  A lorocyproca (Depths:2)
  2 vampire knights
  A deep elf demonologist (Vaults:5)
  The ghost of TheBioAlchemist the Metamorph, a journeyman DrSh of Wu Jian (D:11)
  10 formless jellyfish
  A war gargoyle (Vaults:5)
  A green draconian (Zot:1)
  12 spark wasps
  4 red draconians
  3 deep elf death magi
  7 dire elephants
  2 yellow draconians (Zot:1)
  3 white draconians
  5 purple draconians
  An eidolon (Depths:1)
  7 ettins
  10 merfolk impalers
  Snorg (Lair:4)
  6 fire dragons
  4 merfolk javelineers
  8 jiangshi (Depths:3)
  2 deep elf high priests (Vaults:5)
  5 entropy weavers
  3 rakshasas
  7 great orbs of eyes
  9 yaktaur captains
  Josephine (Lair:4)
  6 ice dragons
  A hell beast (Depths:1)
  5 hydras
  A peacekeeper (Vaults:4)
  Erolcha (Orc:2)
  37 vault guards
  A merfolk avatar (Shoals:4)
  3 boulder beetles
  4 ogre magi
  5 spriggan air magi
  2 spriggan zombies (Depths:3)
  8 centaur warriors
  8 ironbound frosthearts
  2 jorogumos (Spider:3)
  2 catoblepae
  9 merfolk aquamancers
  25 dancing weapons
  7 radroaches
  7 deep troll earth magi
  A satyr (Shoals:3)
  2 alligator snapping turtles
  8 vampire magi (Depths:3)
  18 death yaks
  18 two-headed ogres
  7 deep troll shamans
  12 demonic crawlers
  An orc high priest (Orc:1)
  16 tengu warriors
  13 spriggan berserkers
  A hell hog (Depths:1)
  A shock serpent (shapeshifter) (Vaults:5)
  Amaemon (Lair:3)
  21 deep elf knights
  6 hell knights
  Nergalle (D:10)
  7 skysharks
  A fire crab (Lair:5)
  A skyshark (shapeshifter) (Vaults:5)
  A sixfirhy (Depths:2)
  8 iron trolls
  A skeletal warrior (Shoals:1)
  A shadow wraith (Vaults:5)
  3 spark wasp zombies (Depths:3)
  9 flayed ghosts
  2 glowing orange brains
  6 arcanists
  4 pharaoh ants
  8 orb spiders
  A spriggan druid (Depths:2)
  13 sea snakes
  41 deep trolls
  33 harpies
  11 deep elf archers
  23 ironbound convokers
  13 lindwurms
  5 steelbarb worms
  A phantasmal warrior (Depths:3)
  23 deep elf pyromancers
  8 orc knights
  16 deep elf zephyrmancers
  3 necromancers
  26 wolf spiders
  6 orc sorcerers
  10 manticores
  5 shining eyes
  12 cyclopes
  9 meliai
  20 ugly things
  6 fauns
  22 elephants
  6 moths of wrath
  5 black mambas
  6 merfolk sirens
  The ghost of heskitgel the Slicer, a novice KoDe (D:6)
  3 kobold blastminers
  19 vault sentinels
  4 water nymphs
  4 torpor snails
  A gargoyle (D:12)
  7 eyes of devastation
  A water nymph (shapeshifter) (Depths:4)
  A guardian serpent (shapeshifter) (Vaults:5)
  An orange demon (Lair:3)
  3 large abominations (Depths:3)
  Maggie (D:6)
  9 cane toads
  3 freezing wraiths (Vaults:5)
  4 unseen horrors
  2 kobold demonologists (D:12)
  3 rime drakes
  9 komodo dragons
  24 yaktaurs
  6 tengu conjurers
  A human skeleton (Vaults:3)
  The ghost of occam the Skirmisher, a novice KoHu of Hepliaklqana (D:5)
  A tarantella (shapeshifter) (Vaults:5)
  26 merfolk
  15 trolls
  Grinder (D:3)
  4 hornets
  11 wind drakes
  2 polar bears (Lair:5)
  16 blink frogs
  2 glass eyes
  30 tarantellas
  Prince Ribbit (D:6)
  6 snapping turtles
  122 slime creatures
  18 dream sheep (Lair:5)
  A slime creature (shapeshifter) (Depths:1)
  2 shadows
  A centaur simulacrum (D:14)
  A ynoxinul (D:11)
  24 spriggans
  32 jumping spiders
  4 wyverns
  5 merfolk skeletons (Shoals:1)
  3 fire elementals
  20 culicivoras
  An air elemental (Elf:1)
  4 vampires
  Eustachio (D:6)
  A human (shapeshifter) (Vaults:5)
  20 water elementals
  21 yaks
  7 wraiths
  A steam dragon (D:8)
  A human (Shoals:1)
  46 redbacks
  5 hogs (Shoals:1)
  4 neqoxecs (Orc:1)
  5 wargs
  17 golden eyes
  4 basilisks
  2 chaos spawn (Depths:3)
  8 vampire mosquitoes
  Edmund (D:6)
  2 acid dragons
  13 water moccasins
  An ogre skeleton (Vaults:3)
  20 orc warriors
  A glowing shapeshifter skeleton (Vaults:3)
  An ice beast (shapeshifter) (D:14)
  2 ice beasts
  A sky beast (D:7)
  2 black bears (Lair:5)
  2 laughing skulls (D:15)
  26 ogres
  4 snapping turtle skeletons (Shoals:1)
  27 wolves
  3 centaurs
  A phantom (D:5)
  6 kobold brigands
  Blork the orc (D:6)
  A human zombie (Vaults:3)
  A brain worm (Sewer)
  12 bullfrogs
  2 gnoll sergeants
  8 small abominations (Depths:3)
  2 scorpions
  An earth elemental (Elf:1)
  24 wights
  5 killer bees (D:10)
  9 howler monkeys
  An electric eel (Lair:2)
  3 bombardier beetles
  3 hounds
  2 quasits (Orc:1)
  9 jellies
  A gnoll bouda (D:6)
  11 orc priests
  4 iguanas
  Terence (D:2)
  6 orc wizards
  5 adders
  13 gnolls
  A river rat (D:4)
  3 shadow imps
  5 white imps
  2 ufetubi (D:6)
  A dart slug (D:3)
  2 ribbon worms
  36 orcs
  7 endoplasms
  6 goblins
  6 hobgoblins
  7 jackals
  33 kobolds
  5 quokkas
  11 ball pythons
  5 bats
  5 frilled lizards
  9 rats
  8 spectral weapons
  10 tentacles (Shoals:1)
2036 creatures vanquished.

Vanquished Creatures (others)
  A draconian knight (Zot:1)
  A ghost moth (Spider:4)
  2 deep elf zephyrmancers
  A redback (Spider:4)
  A black bear (D:5)
  A scorpion (D:5)
  2 hounds (D:5)
  An orc (D:5)
  5 tentacles (Shoals:1)
15 creatures vanquished.

Grand Total: 2051 creatures vanquished

Notes
Turn   | Place    | Note
-------+----------+-------------------------------------------
     0 | D:1      | MuppetCentipede the Minotaur Monk began the quest for the
                  | Orb.
     0 | D:1      | Reached XP level 1. HP: 19/19 MP: 0/0
    90 | D:1      | Reached XP level 2. HP: 24/27 MP: 1/1
   172 | D:1      | Found a faded altar of an unknown god.
   478 | D:1      | Reached XP level 3. HP: 33/33 MP: 2/2
  1254 | D:2      | Noticed Terence
  1268 | D:2      | Killed Terence
  1496 | D:3      | Reached XP level 4. HP: 41/41 MP: 3/3
  1596 | D:3      | Reached skill level 5 in Axes
  1675 | D:3      | Found a snail-covered altar of Cheibriados.
  1725 | D:3      | Reached XP level 5. HP: 45/47 MP: 4/4
  1912 | D:3      | Found a white marble altar of Elyvilon.
  1988 | D:3      | Noticed Grinder
  1992 | D:3      | Paralysed by Grinder for 2 turns
  2002 | D:3      | Paralysed by Grinder for 4 turns
  2013 | D:3      | Killed Grinder
  2014 | D:3      | Reached skill level 5 in Fighting
  2014 | D:3      | Reached XP level 6. HP: 52/56 MP: 5/5
  2795 | D:3      | Gained mutation: You occasionally shout uncontrollably at
                  | your foes. [potion of mutation]
  2904 | D:4      | Found a glowing drain.
  2922 | Sewer    | Entered a sewer
  2953 | Sewer    | Reached skill level 5 in Dodging
  2965 | Sewer    | Reached XP level 7. HP: 41/62 MP: 6/6
  3336 | Sewer    | Lost mutation: You occasionally shout uncontrollably at
                  | your foes. [potion of mutation]
  3336 | Sewer    | Gained mutation: You have an increased reservoir of magic.
                  | (+10% MP) [potion of mutation]
  3336 | Sewer    | Gained mutation: You have supernaturally acute eyesight.
                  | (SInv) [potion of mutation]
  3730 | D:4      | Found a hazy altar of Hepliaklqana.
  4327 | D:4      | Identified a scroll of acquirement
  4327 | D:4      | Acquired the amulet of the Thistle {Reflect Will+ Str+3
                  | Dex+2 SH+5}
  4397 | D:5      | Entered Level 5 of the Dungeon
  4427 | D:5      | Found Fonnazo's Magic Scroll Emporium.
  4448 | D:5      | Reached XP level 8. HP: 50/71 MP: 7/7
  4731 | D:5      | Found a shimmering altar of Xom.
  4914 | D:5      | Found a shadowy altar of Dithmenos.
  4991 | D:5      | Found a runed translucent door.
  4992 | D:5      | Noticed occam's ghost (novice KoHu)
  5132 | D:6      | Noticed Eustachio
  5165 | D:6      | Killed Eustachio
  5219 | D:6      | Reached skill level 10 in Axes
  5226 | D:6      | Noticed Blork the orc
  5234 | D:6      | Killed Blork the orc
  5426 | D:6      | Found a blossoming altar of Fedhas.
  5431 | D:6      | Noticed Edmund
  5450 | D:6      | Killed Edmund
  5451 | D:6      | Reached XP level 9. HP: 65/81 MP: 8/8
  5705 | D:6      | Found Jumaavva's Antique Weapon Shoppe.
  5765 | D:6      | Noticed Prince Ribbit
  5774 | D:6      | Killed Prince Ribbit
  6048 | D:6      | Found a transporter.
  6061 | D:6      | Noticed heskitgel's ghost (novice KoDe)
  6091 | D:6      | Identified the +1 dire flail "Qyhe" {venom, Fly Will- Str+6
                  | Stlth+}
  6091 | D:6      | Identified the +5 great mace "Dragonslayer" {holy, Fly}
  6091 | D:6      | Noticed a two-headed ogre
  6094 | D:6      | Found a transporter.
  6263 | D:6      | Noticed Maggie
  6274 | D:6      | Killed Maggie
  6705 | D:7      | Found a glowing silver altar of Zin.
  6826 | D:7      | Found a staircase to the Ecumenical Temple.
  6836 | Temple   | Entered the Ecumenical Temple
  7325 | D:7      | Reached XP level 10. HP: 74/91 MP: 10/10
  7881 | D:8      | Noticed a two-headed ogre
  7888 | D:8      | Killed a two-headed ogre
  8245 | D:8      | Identified the +0 leather armour of the Thinker {rN+ Int+3}
  8338 | D:8      | Reached skill level 10 in Fighting
  8607 | D:5      | Killed occam's ghost
  8945 | D:9      | Found a staircase to the Orcish Mines.
  9079 | D:9      | Found an iron altar of Okawaru.
  9209 | D:9      | Became a worshipper of Warmaster Okawaru
  9209 | D:9      | Reached * piety under Okawaru
  9209 | D:9      | Reached ** piety under Okawaru
  9377 | D:9      | Noticed a two-headed ogre
  9377 | D:9      | Noticed a two-headed ogre
  9387 | D:9      | Killed a two-headed ogre
  9388 | D:9      | Reached XP level 11. HP: 93/101 MP: 11/11
  9391 | D:9      | Killed a two-headed ogre
  9391 | D:9      | Reached *** piety under Okawaru
  9392 | D:9      | Reached skill level 10 in Dodging
  9427 | D:9      | Noticed a two-headed ogre
  9431 | D:9      | Noticed a two-headed ogre
  9437 | D:9      | Killed a two-headed ogre
  9437 | D:9      | Reached **** piety under Okawaru
  9438 | D:9      | Reached skill level 15 in Axes
  9439 | D:9      | Killed a two-headed ogre
  9561 | D:9      | Found Soymesam's Weapon Emporium.
  9725 | D:10     | Entered Level 10 of the Dungeon
  9837 | D:10     | Got the Compendium of Vapour
  9982 | D:10     | Noticed Nergalle
  9992 | D:10     | Killed Nergalle
 10175 | D:10     | Reached ***** piety under Okawaru
 10291 | D:10     | You fall into a shaft and drop 3 floors!
 10295 | D:13     | Noticed a centaur warrior
 10307 | D:13     | Killed a centaur warrior
 10648 | D:11     | Found a staircase to the Lair.
 10963 | D:6      | Killed a two-headed ogre
 10974 | D:6      | Killed heskitgel's ghost
 10975 | D:6      | Reached XP level 12. HP: 104/113 MP: 5/12
 11251 | D:10     | Received a gift from Okawaru
 11717 | D:11     | Found a runed translucent door.
 11717 | D:11     | Noticed TheBioAlchemist's ghost (journeyman DrSh)
 11867 | D:11     | Noticed a two-headed ogre
 11871 | D:11     | Killed a two-headed ogre
 12289 | Lair:1   | Entered Level 1 of the Lair of Beasts
 12879 | Lair:1   | Received a gift from Okawaru
 13014 | Lair:1   | Acquired 746 gold pieces
 13041 | Lair:2   | Reached skill level 1 in Armour
 13403 | Lair:2   | Received a gift from Okawaru
 13404 | Lair:2   | Reached skill level 5 in Armour
 13560 | Lair:2   | Found a staircase to the Shoals.
 14040 | Lair:2   | Reached XP level 13. HP: 125/125 MP: 13/13
 14516 | Lair:3   | Noticed Amaemon
 14656 | Lair:3   | Reached skill level 15 in Fighting
 14659 | Lair:3   | Received a gift from Okawaru
 14815 | Lair:3   | Found a gate leading to a gauntlet.
 14825 | Lair:3   | Killed Amaemon
 14985 | Lair:3   | Found a hole to the Spider Nest.
 15876 | Lair:4   | Noticed Josephine
 15883 | Lair:4   | Killed Josephine
 15925 | Lair:4   | Noticed Snorg
 15933 | Lair:4   | Killed Snorg
 15933 | Lair:4   | Received a gift from Okawaru
 15933 | Lair:4   | Reached ****** piety under Okawaru
 15994 | Lair:4   | Acquired the +8 mithril axe "Arga" {speed, Will+}
 15994 | Lair:4   | Received a gift from Okawaru
 15994 | Lair:4   | Found the +8 mithril axe "Arga" {speed, Will+}
 15997 | Lair:4   | Acquired the +7 fire dragon scales "Koenoc" {rElec rF++ rC-
                  | Str+4 Int-2 SInv}
 15997 | Lair:4   | Received a gift from Okawaru
 16724 | Lair:5   | Entered Level 5 of the Lair of Beasts
 16753 | Lair:5   | Received a gift from Okawaru
 16758 | Lair:5   | Reached XP level 14. HP: 66/137 MP: 11/14
 17098 | Lair:5   | Reached skill level 15 in Dodging
 17146 | Lair:5   | Received a gift from Okawaru
 17252 | Lair:5   | Found a staircase to the Slime Pits.
 17397 | Lair:5   | Received a gift from Okawaru
 17458 | Lair:5   | Found a viscous altar of Jiyva.
 17500 | Lair:5   | Lost mutation: You have supernaturally acute eyesight.
                  | (SInv) [potion of mutation]
 17500 | Lair:5   | Lost mutation: You have an increased reservoir of magic.
                  | (+10% MP) [potion of mutation]
 17500 | Lair:5   | Gained mutation: You are frail. (-10% HP) [potion of
                  | mutation]
 17500 | Lair:5   | Gained mutation: Your magical capacity is low. (-10% MP)
                  | [potion of mutation]
 17500 | Lair:5   | Gained mutation: You have a pair of large horns on your
                  | head. [potion of mutation]
 17501 | Lair:5   | Lost mutation: You are frail. (-10% HP) [potion of
                  | mutation]
 17501 | Lair:5   | Lost mutation: Your magical capacity is low. (-10% MP)
                  | [potion of mutation]
 17501 | Lair:5   | Gained mutation: You are covered in fur. (AC +1) [potion of
                  | mutation]
 17501 | Lair:5   | Gained mutation: You possess an exceptional clarity of
                  | mind. [potion of mutation]
 18494 | Lair:5   | Received a gift from Okawaru
 19350 | D:11     | Killed TheBioAlchemist's ghost
 20348 | D:13     | Received a gift from Okawaru
 21179 | D:14     | Noticed Jorgrun
 21188 | D:14     | Killed Jorgrun
 21232 | D:14     | Identified the +9 rapier of Gin and Tonic {flame, *Noise
                  | rF++}
 21238 | D:14     | Found a gate to the Vaults.
 21247 | D:14     | Reached XP level 15. HP: 136/149 MP: 14/14
 21264 | D:14     | Received a gift from Okawaru
 21441 | D:14     | Reached skill level 10 in Armour
 21770 | D:14     | Noticed Roxanne
 21988 | D:14     | Found a glowing golden altar of the Shining One.
 22084 | D:15     | Entered Level 15 of the Dungeon
 22253 | D:15     | Found a staircase to the Depths.
 22305 | D:15     | Received a gift from Okawaru
 22978 | Orc:1    | Entered Level 1 of the Orcish Mines
 23029 | Orc:1    | Found a radiant altar of Vehumet.
 23109 | Orc:1    | Found Ohuxad's Antique Armour Shop.
 23118 | Orc:1    | Bought a glowing cloak for 240 gold pieces
 23143 | Orc:2    | Entered Level 2 of the Orcish Mines
 23145 | Orc:2    | Found Yhol's Book Boutique.
 23147 | Orc:2    | Found Hownapah's Armour Emporium.
 23150 | Orc:2    | Noticed Saint Roka
 23797 | Orc:2    | Received a gift from Okawaru
 23819 | Orc:2    | Killed Saint Roka
 23826 | Orc:2    | Noticed Erolcha
 23837 | Orc:2    | Killed Erolcha
 23841 | Orc:2    | Found a staircase to the Elven Halls.
 24098 | Orc:2    | Found Durosat's Antique Armour Shop.
 24115 | Orc:2    | Found Osaes's Magic Scroll Shop.
 24116 | Orc:2    | Found Qaef's Weapon Boutique.
 24135 | Orc:2    | Bought a scroll of teleportation for 45 gold pieces
 24135 | Orc:2    | Bought a scroll of enchant weapon for 112 gold pieces
 24135 | Orc:2    | Bought a scroll of enchant weapon for 112 gold pieces
 24135 | Orc:2    | Bought a scroll of enchant armour for 112 gold pieces
 24135 | Orc:2    | Bought a scroll of teleportation for 45 gold pieces
 24135 | Orc:2    | Bought a scroll of teleportation for 45 gold pieces
 24215 | Orc:2    | Received a gift from Okawaru
 24224 | Orc:2    | Reached XP level 16. HP: 120/160 MP: 15/15
 24587 | Orc:1    | Identified the +3 scimitar of the Endless Expanse {holy,
                  | rC+ Will+}
 24809 | Orc:1    | Found a transporter.
 24812 | Orc:1    | Noticed Potutehi's ghost (journeyman DDFi)
 24856 | Orc:1    | Found a transporter.
 25190 | Orc:1    | Killed Potutehi's ghost
 25193 | Orc:1    | Identified the ring of Hajumac {MP+9 Str-2 Int+4 Dex+3}
 25199 | Orc:1    | Gained mutation: You are vulnerable to heat. (rF-) [a
                  | neqoxec]
 25424 | Shoals:1 | Entered Level 1 of the Shoals
 25599 | Shoals:1 | Noticed Kirke
 25611 | Shoals:1 | Killed Kirke
 25650 | Shoals:1 | Noticed a kraken
 25655 | Shoals:1 | Received a gift from Okawaru
 25664 | Shoals:1 | Killed a kraken
 25724 | Shoals:1 | Found Beverph's Armour Boutique.
 25751 | Shoals:1 | Noticed a kraken
 25761 | Shoals:1 | Killed a kraken
 26047 | Shoals:1 | Received a gift from Okawaru
 26311 | Shoals:1 | Reached skill level 15 in Armour
 26403 | Shoals:1 | Noticed a kraken
 26418 | Shoals:1 | Killed a kraken
 26556 | Shoals:1 | Found Guvovua's Assorted Antiques.
 26566 | Shoals:1 | Noticed Donald
 26577 | Shoals:1 | Killed Donald
 27407 | Shoals:2 | Received a gift from Okawaru
 30127 | Shoals:3 | Found Degaz's Distillery.
 30135 | Shoals:3 | Bought 2 potions of curing for 108 gold pieces
 30135 | Shoals:3 | Bought 2 potions of heal wounds for 180 gold pieces
 30135 | Shoals:3 | Bought a potion of curing for 54 gold pieces
 30135 | Shoals:3 | Bought a potion of heal wounds for 90 gold pieces
 30510 | Shoals:3 | Received a gift from Okawaru
 30752 | Shoals:4 | Entered Level 4 of the Shoals
 30763 | Shoals:4 | Reached XP level 17. HP: 156/170 MP: 16/16
 30881 | Shoals:4 | Noticed Polyphemus
 30900 | Shoals:4 | Killed Polyphemus
 31104 | Shoals:4 | Received a gift from Okawaru
 31163 | Shoals:4 | Noticed Louise
 31176 | Shoals:4 | Killed Louise
 31435 | Shoals:4 | Reached skill level 1 in Shields
 31449 | Shoals:4 | Reached skill level 2 in Shields
 31593 | Shoals:4 | Reached skill level 3 in Shields
 31614 | Shoals:4 | Noticed Mara
 31619 | Shoals:4 | Noticed MuppetCentipede's illusion
 31649 | Shoals:4 | Noticed MuppetCentipede's illusion
 31673 | Shoals:4 | Noticed MuppetCentipede's illusion
 31680 | Shoals:4 | Killed Mara
 31681 | Shoals:4 | Reached skill level 4 in Shields
 31983 | Shoals:4 | Received a gift from Okawaru
 32009 | Shoals:4 | Got a barnacled rune of Zot
 32164 | Shoals:4 | Reached skill level 5 in Shields
 32756 | Vaults:1 | Entered Level 1 of the Vaults
 32784 | Vaults:1 | Reached skill level 6 in Shields
 32793 | Vaults:1 | Found a portal to a secret trove of treasure.
 32854 | Vaults:1 | Identified the +5 scale mail of Ulyniq {rElec Int+3}
 33347 | Vaults:1 | Reached skill level 7 in Shields
 33393 | Vaults:1 | Received a gift from Okawaru
 33624 | Vaults:1 | Identified the +4 ring mail of the Gate {rN+}
 33907 | Vaults:1 | Reached skill level 8 in Shields
 34285 | Vaults:2 | Noticed a bone dragon
 34300 | Vaults:2 | Killed a bone dragon
 34301 | Vaults:2 | Reached XP level 18. HP: 172/180 MP: 17/17
 34309 | Vaults:2 | Found a staircase to the Crypt.
 34315 | Vaults:2 | Reached skill level 9 in Shields
 34318 | Vaults:2 | Received a gift from Okawaru
 34394 | Vaults:2 | Paralysed by a formless jellyfish for 1 turns
 34678 | Vaults:2 | Noticed Jory
 34694 | Vaults:2 | Killed Jory
 34957 | Vaults:2 | Found a transporter.
 34997 | Vaults:2 | Found a transporter.
 35076 | Vaults:2 | Reached skill level 10 in Shields
 35201 | Vaults:2 | Received a gift from Okawaru
 35772 | Vaults:3 | Identified the +1 leather armour "Edekodgh" {rC- Int+3
                  | SInv}
 36083 | Vaults:3 | Reached skill level 11 in Shields
 36173 | Vaults:3 | Received a gift from Okawaru
 36688 | Vaults:3 | Reached skill level 12 in Shields
 37114 | Vaults:3 | Paralysed by a formless jellyfish for 1 turns
 37366 | Vaults:4 | Received a gift from Okawaru
 37381 | Vaults:4 | Reached skill level 13 in Shields
 37728 | Vaults:4 | Reached XP level 19. HP: 164/187 MP: 18/18
 38240 | Vaults:4 | Reached skill level 14 in Shields
 38247 | Vaults:4 | Received a gift from Okawaru
 39453 | Spider:1 | Entered Level 1 of the Spider Nest
 39471 | Spider:1 | Reached skill level 15 in Shields
 39473 | Spider:1 | Received a gift from Okawaru
 40953 | Spider:2 | Received a gift from Okawaru
 41250 | Spider:2 | Reached skill level 16 in Shields
 41677 | Spider:3 | Noticed Arachne
 42106 | Spider:3 | Killed Arachne
 42112 | Spider:3 | Noticed Bai Suzhen
 42146 | Spider:3 | Killed Bai Suzhen
 42157 | Spider:2 | Reached XP level 20. HP: 29/195 MP: 5/19
 42488 | Spider:3 | Received a gift from Okawaru
 42496 | Spider:3 | Reached skill level 17 in Shields
 42639 | Spider:3 | Identified the blade talisman "Janaguph" {Dex+7}
 42844 | Spider:4 | Entered Level 4 of the Spider Nest
 43695 | Spider:4 | Got a gossamer rune of Zot
 43696 | Spider:4 | Identified the +2 pair of gloves of Dufrijeo {*Corrode rN+
                  | Int+6 Stlth+}
 44218 | Depths:1 | Entered Level 1 of the Depths
 44226 | Depths:1 | Reached skill level 18 in Shields
 44235 | Depths:1 | Noticed the Enchantress
 44416 | Depths:1 | Received a gift from Okawaru
 44417 | Depths:1 | Killed the Enchantress
 44545 | Depths:1 | Found a runed translucent gate.
 44597 | Depths:1 | Found a runed translucent gate.
 44597 | Depths:1 | Found a viscous altar of Jiyva.
 44597 | Depths:1 | Found a runed translucent gate.
 44597 | Depths:1 | Noticed RockinRobin's ghost (journeyman DsCK)
 44671 | Depths:1 | Found a one-way gateway to a ziggurat.
 44757 | Depths:1 | Received a gift from Okawaru
 44912 | Depths:1 | Found a blossoming altar of Fedhas.
 45107 | Depths:1 | Found a one-way gate to the infinite horrors of the Abyss.
 45144 | Depths:1 | Reached skill level 19 in Shields
 45155 | Depths:1 | Found a transporter.
 45155 | Depths:1 | Found Jopn's Book Emporium.
 45253 | Depths:1 | Found a gateway to Hell.
 45439 | Depths:1 | Found a transporter.
 45952 | Depths:2 | Received a gift from Okawaru
 46041 | Depths:2 | Found a broken altar of Ashenzari.
 46273 | Depths:2 | Found a one-way gate leading to the halls of Pandemonium.
 47057 | Depths:3 | Reached XP level 21. HP: 202/202 MP: 20/20
 47270 | Depths:3 | Received a gift from Okawaru
 47271 | Depths:3 | Reached skill level 20 in Shields
 47546 | Depths:3 | Received a gift from Okawaru
 48072 | Depths:3 | Reached skill level 21 in Shields
 48121 | Depths:3 | Noticed a dread lich
 48128 | Depths:3 | Killed a dread lich
 48128 | Depths:3 | Received a gift from Okawaru
 49151 | Depths:4 | Entered Level 4 of the Depths
 49151 | Depths:4 | Noticed Sojobo
 49153 | Depths:4 | Noticed a juggernaut
 49162 | Depths:4 | Reached XP level 22. HP: 110/211 MP: 21/21
 49163 | Depths:4 | Found Jedghumn's Weapon Emporium.
 49166 | Depths:4 | Found Powum's Assorted Antiques.
 49166 | Depths:4 | Found Oqidwod's Armour Emporium.
 49475 | Depths:4 | Found a gate to the Realm of Zot.
 49475 | Depths:4 | Noticed a golden dragon
 49495 | Depths:4 | Killed a golden dragon
 49596 | Depths:4 | Killed a juggernaut
 49597 | Depths:4 | Reached skill level 22 in Shields
 49601 | Depths:4 | Received a gift from Okawaru
 50054 | Depths:4 | Noticed Parghit
 50174 | Depths:4 | Reached XP level 23. HP: 217/217 MP: 15/22
 50431 | Depths:4 | Killed Sojobo
 50438 | Depths:4 | Killed Parghit
 50918 | Depths:4 | Found Pesit's Magic Scroll Shoppe.
 50925 | Depths:4 | Bought a scroll of blinking for 142 gold pieces
 54683 | Vaults:1 | You paid a toll of +7 gold dragon scales to enter a
                  | treasure trove
 54684 | Trove    | Entered a treasure trove
 54689 | Trove    | Found the Hermit's Pendant {Faith Invo=14 Evo=0 MP+5}
 54705 | Trove    | Identified the orb "Vellugao" {mayhem, rN+ Str-5 Int+4}
 54708 | Trove    | Identified the +2 leather armour of Eternity {Rampage rC+
                  | rN++ rCorr}
 54709 | Trove    | Identified the amulet of Joudgh {Reflect Harm rElec Int+5
                  | Dex-2 SH+5}
 54710 | Trove    | Identified the amulet "Lohocith" {Reflect Harm rN+ SH+5}
 54712 | Trove    | Identified the ring "Uro Xuva" {Ice Fly rElec Str-4 Int+5
                  | Slay-4}
 54980 | Slime:1  | Entered Level 1 of the Pits of Slime
 57035 | Slime:2  | Received a gift from Okawaru
 57040 | Slime:2  | Reached skill level 23 in Shields
 57627 | Slime:2  | Paralysed by a formless jellyfish for 1 turns
 57879 | Slime:1  | Gained mutation: Your body sometimes deteriorates upon
                  | taking damage. [a shining eye]
 57908 | Slime:1  | Received a gift from Okawaru
 58494 | Slime:2  | Gained mutation: You are vulnerable to cold. (rC-) [a
                  | shining eye]
 58496 | Slime:2  | Gained mutation: Armour fits poorly on your strangely
                  | shaped body. [a shining eye]
 60507 | Slime:5  | Entered Level 5 of the Pits of Slime
 61177 | Slime:5  | Reached skill level 24 in Shields
 62218 | Slime:5  | Gained mutation: You are dopey. (Int -2) [a shining eye]
 62220 | Slime:5  | Gained mutation: You are agile. (Dex +4, Str/Int -1) [a
                  | shining eye]
 62245 | Slime:5  | Received a gift from Okawaru
 62270 | Slime:5  | Gained mutation: Your magical capacity is low. (-10% MP) [a
                  | shining eye]
 62282 | Slime:5  | Gained mutation: You occasionally lose the ability to drink
                  | potions when taking damage. [a shining eye]
 62387 | Slime:5  | Noticed the Royal Jelly
 63465 | Slime:5  | Lost mutation: You are dopey. (Int -2) [potion of mutation]
 63465 | Slime:5  | Lost mutation: You possess an exceptional clarity of mind.
                  | [potion of mutation]
 63465 | Slime:5  | Lost mutation: You are vulnerable to heat. (rF-) [potion of
                  | mutation]
 63465 | Slime:5  | Gained mutation: You are strong-willed. (Will+) [potion of
                  | mutation]
 63466 | Slime:5  | Lost mutation: Your body sometimes deteriorates upon taking
                  | damage. [potion of mutation]
 63466 | Slime:5  | Lost mutation: You are covered in fur. (AC +1) [potion of
                  | mutation]
 63466 | Slime:5  | Gained mutation: Your health recovers twice as slowly from
                  | being drained. [potion of mutation]
 63466 | Slime:5  | Gained mutation: You have supernaturally acute eyesight.
                  | (SInv) [potion of mutation]
 63466 | Slime:5  | Gained mutation: You are very agile. (Dex +8, Str/Int -2)
                  | [potion of mutation]
 63467 | Slime:5  | Lost mutation: You have a pair of large horns on your head.
                  | [potion of mutation]
 63467 | Slime:5  | Lost mutation: Armour fits poorly on your strangely shaped
                  | body. [potion of mutation]
 63467 | Slime:5  | Gained mutation: Your body sometimes deteriorates upon
                  | taking damage. [potion of mutation]
 63467 | Slime:5  | Lost mutation: You occasionally lose the ability to drink
                  | potions when taking damage. [potion of mutation]
 63473 | Slime:4  | Lost mutation: You have supernaturally acute eyesight.
                  | (SInv) [potion of mutation]
 63473 | Slime:4  | Lost mutation: You are vulnerable to cold. (rC-) [potion of
                  | mutation]
 63473 | Slime:4  | Lost mutation: Your magical capacity is low. (-10% MP)
                  | [potion of mutation]
 63474 | Slime:4  | Lost mutation: Your health recovers twice as slowly from
                  | being drained. [potion of mutation]
 63474 | Slime:4  | Lost mutation: You are strong-willed. (Will+) [potion of
                  | mutation]
 63474 | Slime:4  | Lost mutation: You are very agile. (Dex +8, Str/Int -2)
                  | [potion of mutation]
 63474 | Slime:4  | Gained mutation: Your movements are slightly less
                  | encumbered by armour. (ER -2) [potion of mutation]
 63474 | Slime:4  | Gained mutation: Your mind is acute. (Int +4, Str/Dex -1)
                  | [potion of mutation]
 63474 | Slime:4  | Gained mutation: You are partially covered in iridescent
                  | scales. (AC +2) [potion of mutation]
 63475 | Slime:4  | Lost mutation: You are agile. (Dex +4, Str/Int -1) [potion
                  | of mutation]
 63475 | Slime:4  | Lost mutation: Your body sometimes deteriorates upon taking
                  | damage. [potion of mutation]
 63475 | Slime:4  | Lost mutation: You are partially covered in iridescent
                  | scales. (AC +2) [potion of mutation]
 63475 | Slime:4  | Gained mutation: You are partially covered in iridescent
                  | scales. (AC +2) [potion of mutation]
 63475 | Slime:4  | Gained mutation: Your muscles are strong. (Str +4, Int/Dex
                  | -1) [potion of mutation]
 63475 | Slime:4  | Gained mutation: You are mostly covered in iridescent
                  | scales. (AC +4) [potion of mutation]
 63475 | Slime:4  | Gained mutation: You are resistant to electric shocks.
                  | (rElec) [potion of mutation]
 63932 | Slime:5  | Found a viscous altar of Jiyva.
 68738 | Slime:5  | Killed the Royal Jelly
 68964 | Slime:5  | Identified the ring of Tetor {rPois Str+3 SInv}
 68983 | Slime:5  | Identified the +0 robe of the Stallion {Harm rN+++ Dex-3
                  | Stlth-}
 68985 | Slime:5  | Got a slimy rune of Zot
 69014 | Slime:5  | Identified the +9 rapier "Joluice" {freeze, rElec Will+
                  | Int+2 Stlth+}
 69018 | Slime:5  | Identified the ring of Yraud {rN+ Int+2 SInv}
 69035 | Slime:5  | Got the Teachings on Places and Substances
 69043 | Slime:5  | Identified the ring "Syizuwk" {rF+ Int+6}
 69136 | Slime:5  | Identified the +8 chain mail of Limited Liability {+Inv
                  | Str-4 Dex+4}
 70436 | Vaults:5 | Entered Level 5 of the Vaults
 70447 | Vaults:5 | Reached XP level 24. HP: 226/226 MP: 16/22
 70471 | Vaults:5 | Reached skill level 25 in Shields
 70524 | Vaults:5 | Received a gift from Okawaru
 70650 | Vaults:5 | Found the +8 Vampire's Tooth {megavamp}
 70934 | Vaults:5 | Identified the staff of Descent {rC+ rN+++ Str+5 Int-2 Ice}
 70959 | Vaults:5 | Identified the +9 lajatang of Traps {holy, rPois Int+3
                  | Dex+4 SInv}
 70964 | Vaults:5 | Received a gift from Okawaru
 70992 | Vaults:5 | Identified the +10 mace "Xeeges Ziom" {freeze, *Corrode
                  | rPois Int+7 SInv}
 71449 | Vaults:5 | Got Suse Rae's Tome of the Welkin
 71455 | Vaults:5 | Noticed an ancient lich
 71468 | Vaults:5 | Killed an ancient lich
 71469 | Vaults:5 | Reached skill level 26 in Shields
 71482 | Vaults:5 | Noticed a dread lich
 71497 | Vaults:5 | Killed a dread lich
 71576 | Vaults:5 | Identified the +1 scale mail of Plog {-Tele Will- Str+6
                  | Int+9}
 71723 | Vaults:5 | Noticed an ancient lich
 71736 | Vaults:5 | Killed an ancient lich
 71736 | Vaults:5 | Received a gift from Okawaru
 72821 | Vaults:5 | Got a silver rune of Zot
 72838 | Vaults:5 | Identified the +3 leather armour of the Moon {rF+}
 72840 | Vaults:5 | Got the Almanac of Coarse Dark Words
 72884 | Vaults:5 | Noticed a dread lich
 72900 | Vaults:5 | Killed a dread lich
 73351 | Elf:1    | Entered Level 1 of the Elven Halls
 73409 | Elf:1    | Reached skill level 1 in Stealth
 73535 | Elf:1    | Received a gift from Okawaru
 73631 | Elf:1    | Found Duapa's Armour Boutique.
 74041 | Elf:1    | Reached XP level 25. HP: 230/233 MP: 22/22
 74050 | Elf:1    | Reached skill level 5 in Stealth
 74430 | Elf:2    | Noticed Nikola
 74440 | Elf:2    | Killed Nikola
 74543 | Elf:2    | Found a runed translucent gate.
 74543 | Elf:2    | Found a runed translucent gate.
 74544 | Elf:2    | Found a runed translucent gate.
 74653 | Elf:2    | Received a gift from Okawaru
 74672 | Elf:2    | Acquired a manual of Maces & Flails
 74872 | Elf:2    | Reached skill level 1 in Maces & Flails
 75028 | Elf:2    | Noticed Agnes
 75032 | Elf:2    | Noticed Norris
 75039 | Elf:2    | Reached skill level 5 in Maces & Flails
 75044 | Elf:2    | Killed Agnes
 75060 | Elf:2    | Killed Norris
 75593 | Depths:1 | Killed RockinRobin's ghost
 75617 | Depths:1 | Identified the -2 hat "Heergh" {rElec Str+4 Int+3}
 75758 | Zot:1    | Entered Level 1 of the Realm of Zot
 75837 | Zot:1    | Received a gift from Okawaru
 75869 | Zot:1    | HP: 11/233 [purple draconian/bolt of dispelling
                  | energy[Tiamat] (20)]
 76328 | Zot:1    | Found the +4 dragonskin cloak
 76328 | Zot:1    | Noticed Tiamat
 76346 | Zot:1    | Reached skill level 10 in Stealth
 76354 | Zot:1    | Killed from afar by Tiamat

Illustrated notes

Levels and vault maps discovered:
D:1:      nzn_arrival_water_spiral, layout_basic, ebering_ecumenical_altar_box,
          grunt_decor_fettered, nrook_mini_backslash
D:2:      layout_basic, minmay_tripent, uniq_terence
D:3:      layout_basic, slow_altar_2, elyvilon_altar_3, serial_co_window_serial,
          co_window_corner_a, co_window_corner_a, co_window_paths_a,
          co_window_paths_b, co_window_paths_a, co_window_paths_b,
          co_window_paths_b, co_window_broadway_a, co_window_2corner,
          co_window_paths_c, co_window_broadway_c, co_window_4corner_b,
          st_stairs_7, uniq_grinder
D:4:      layout_cave_pods, nicolae_hepliaklqana_hazy_memory, serial_rivers,
          chequers_serial_rivers_small_a, chequers_serial_rivers_micro_a,
          chequers_serial_rivers_small_a, chequers_serial_rivers_marsh,
          cheibrodos_sewer_entry_sluice, serial_bayou_pond_e,
          hangedman_decor_points
D:5:      layout_rooms, kennysheep_mini_moat, xom_confusion_cloud, serial_shops,
          nicolae_shop_tiny_statue_garden, ebering_ghost_reflecting_pool
D:6:      layout_loops_ring, fedhas_altar_3, gammafunk_ghost_smash,
          serial_shops, shop, uniq_prince_ribbit1, uniq_edmund,
          uniq_blork_the_orc, uniq_eustachio, uniq_maggie
D:7:      layout_basic, mainiacjoe_overflow_brackets,
          minmay_temple_entry_gardened_gates, hangedman_abyss_or_decor_passed,
          roderic_lattice_a
D:8:      layout_basic
D:9:      cheibrodos_barr_body, layout_gridville,
          nicolae_overflow_crystal_walls, serial_shops,
          nicolae_shop_tiny_waterfront
D:10:     layout_gridville, uniq_nergalle
D:11:     layout_loops_ring, erik_lair_orcish_takeover,
          portal_ice_cave_entry_pillars_2, hellmonk_ghost_big_iron
D:12:     layout_irregular_city, skrybe_limestone_x
D:13:     layout_layer_cave
D:14:     layout_small_grid, lightli_vaults_fourway_checkpoint,
          serial_library_hellmonk_room_c, nicolae_tso_swordbearing_angel,
          uniq_jorgrun, uniq_roxanne
D:15:     grunt_enter_depths_hoard, layout_cave_pools, hex_medium
Temple:   eino_temple_water
Lair:1:   layout_roguey, chequers_serial_rivers_micro_b, lemuel_fruit_fields
Lair:2:   layout_layer_cave, minmay_shoals_entry_hut
Lair:3:   layout_hall_layers, nicolae_spider_entry_orb_guardian,
          gauntlet_entry_generic, uniq_amaemon
Lair:4:   layout_roguey, uniq_snorg, uniq_josephine
Lair:5:   grunt_lair_end_beastmaster, layout_regular_city,
          nicolae_slime_entry_field_trip, bobbens_ice_dragon_lair
Shoals:1: layout_shoals, serial_shops, bzr_firewalk,
          nicolae_shop_advertising_works [nicolae_subvault_shop_adworks], shop,
          beargit_guarded_unrand_captain_cutlass, uniq_donald, uniq_kirke
Shoals:2: layout_shoals, nicolae_shoals_lost_giant_baths
Shoals:3: layout_shoals, serial_shops, shop
Shoals:4: shoals_end_hangedman, layout_shoals, uniq_mara, uniq_polyphemus,
          uniq_louise
Spider:1: layout_spider_delve
Spider:2: layout_chambers, nicolae_spider_nook
Spider:3: layout_spider_delve, nicolae_arachne_temple, uniq_bai_suzhen
Spider:4: grunt_spider_rune_parallel
Slime:1:  layout_caves, cheibrodos_slime_lost_civilization_6
Slime:2:  layout_caves
Slime:3:  layout_caves
Slime:4:  nicolae_slime_infinislime, layout_caves,
          cheibrodos_slime_lost_civilization_5
Slime:5:  slime_pit_nicolae_royal_road_to_ruin
Orc:1:    layout_caves, gammafunk_ghost_stat_death, serial_shops,
          nicolae_shop_temple_entry_statues_fountains, basic_altar, elf_legates
Orc:2:    st_orc_open, layout_caves, serial_shops, shop, uniq_erolcha,
          uniq_saint_roka
Elf:1:    layout_geoelf_diagonals, serial_shops, nicolae_shop_stone,
          hangedman_elven_crosses_minicolossus
Elf:2:    nicolae_elf_blades_splatter_lattice [nicolae_blade_entry_antechamber],
          layout_geoelf_diagonals, serial_library_hellmonk_layered_room,
          uniq_nikola, uniq_norris, uniq_agnes
Vaults:1: ontoclasm_vaults_ring_square, vaults_dpeg_diagonal,
          nicolae_vaults_offset_grid_hallway_2, nicolae_vaults_tetromino_L_1,
          v_misc_27, hangedman_vaults_slice, ontoclasm_vaults_ligature,
          v_pattern_5, nicolae_vaults_closet_pinwheel_1,
          nicolae_vaults_stepped_doors, nicolae_vaults_rhombus_6,
          layout_vaults_big_room, enter_trove_5
Vaults:2: ontoclasm_vaults_eye, hangedman_vaults_corner, hangedman_vaults_maws,
          minmay_crypt_entry_nasty_monster, gammafunk_its_a_trap, v_misc_29,
          hangedman_vaults_cutoff, nicolae_vaults_little_squares_1,
          serial_ice_m, v_rooms_6, nicolae_vaults_theta, nicolae_vaults_cochlea,
          layout_vaults_big_cross, uniq_jory
Vaults:3: nicolae_vaults_ring_of_whatevers,
          nicolae_vaults_disappearing_quadrants, nicolae_vaults_cornered_office,
          nicolae_vaults_heart-shaped_vault, vaults_room_hallway,
          nicolae_vaults_storage_closets_1, nicolae_vaults_stairing_the_circle,
          ontoclasm_vaults_shuriken, v_rooms_3, nicolae_vaults_diamond_1,
          vaults_room_large_hall, vaults_room_pool, hangedman_vaults_nails,
          nicolae_vaults_double_plus_1, nicolae_vaults_tetromino_Z_1,
          layout_vaults_maze_snakey, uniq_margery
Vaults:4: v_misc_13, nicolae_vaults_little_squares_2, v_rooms_5,
          nicolae_vaults_yaktaur_gun_rack, v_misc_29,
          nicolae_vaults_door_testing_chamber, nicolae_vaults_spaceships,
          vaults_room_hallway, layout_vaults_omnigrid
Vaults:5
Depths:1: layout_forbidden_donut, enter_ziggurat_f, grunt_mini_vestibule,
          gammafunk_ghost_ooze, serial_shops, nicolae_shop_drivethru,
          abyss_entry, minmay_misc_feat_doors, grunt_decor_mini_mirrors,
          roadster_trireme, uniq_enchantress
Depths:2: minmay_spriggan_fort, layout_cave_shapes, hell_entry,
          grunt_pan_entry_in_and_out, minmay_misc_feat_ornament,
          evilmike_ruin_ashenzari, grunt_megastairs_4
Depths:3: bobbens_index_wilting_gardens, layout_basic, minmay_room_of_horrors,
          hell_entry, abandoned_shop, infiniplex_staircase_pillars_3b
Depths:4: grunt_zot_entry_funnels, layout_cave_shapes, hangedman_coc_ice_floe,
          minmay_shoptagon, uniq_josephina, uniq_parghit, uniq_sojobo
Zot:1:    layout_basic, uniq_tiamat

Skill      XL: |  1  2  3  4  5  6  7  8  9 10 11 12 13 14 15 16 17 18 19 20 21 22 23 24 25 |
---------------+----------------------------------------------------------------------------+-----
Axes           | 4 5 6 7 8 10 12 14 16 18 | 18.0
Fighting       | 4 5 6 8 9 10 12 14 16 17 19 20 | 20.6
Dodging        | 4 5 6 7 8 9 11 13 14 16 17 18 19 20 21 22 23 24 25 | 25.1
Armour         | 6 9 13 16 18 19 20 21 22 24 25 | 25.0
Shields        | 8 13 16 19 21 22 24 26 | 26.6
Stealth        | 4 10 | 10.0
Maces & Flails | 9 |  9.2

Action                     |  1- 3 |  4- 6 |  7- 9 | 10-12 | 13-15 | 16-18 | 19-21 | 22-24 | 25-27 || total
---------------------------+-------+-------+-------+-------+-------+-------+-------+-------+-------++-------
  Melee: Hand axe          |    73 |    86 |   209 |       |       |       |       |       |       ||   368
         Headbutt          |    12 |    17 |    64 |    93 |   156 |   349 |   421 |   504 |    78 ||  1694
         War axe           |       |       |    31 |   381 |    53 |       |       |       |       ||   465
         Broad axe         |       |       |       |       |   520 |  1268 |  1490 |  1446 |   315 ||  5039
         Morningstar       |       |       |       |       |    35 |       |       |       |       ||    35
  Throw: Dart              |       |       |    28 |       |       |       |       |       |       ||    28
 Invoke: Heroism           |       |       |       |     1 |    10 |     2 |     7 |     6 |     1 ||    27
         Finesse           |       |       |       |     1 |     5 |       |     2 |     3 |     1 ||    12
         Receive Weapon    |       |       |       |       |     1 |       |       |       |       ||     1
         Receive Armour    |       |       |       |       |     1 |       |       |       |       ||     1
  Evoke: Wand              |       |       |       |       |     7 |     9 |     1 |    36 |       ||    53
    Use: Scroll            |       |    13 |     2 |    10 |    19 |     2 |     2 |    12 |     5 ||    65
         Potion            |       |     1 |     1 |       |     3 |       |     8 |     9 |     2 ||    24
   Stab: Petrified         |       |       |       |       |     8 |       |       |       |       ||     8
         Invisible         |       |       |       |       |       |       |       |     3 |       ||     3
 Armour: Robe              |    22 |    32 |    56 |       |       |       |       |       |       ||   110
         Leather armour    |       |       |    33 |   102 |    52 |       |       |       |       ||   187
         Fire dragon scale |       |       |       |       |   273 |   391 |   323 |   324 |    53 ||  1364
  Dodge: Dodged            |    52 |    56 |   154 |   330 |   522 |   658 |   550 |   337 |    85 ||  2744
  Block: Kite shield       |       |       |       |       |       |   524 |   601 |       |       ||  1125
         Reflection        |       |       |       |       |       |    40 |    10 |    89 |    31 ||   170
         Tower shield      |       |       |       |       |       |       |   678 |  1113 |   294 ||  2085
